 Dungeon Crawl Stone Soup version 0.25-a0-834-g55863b0b92 (webtiles) character file.

Game seed: 6100937086704136458, levelgen mode: deterministic

46 MisterFreud the Changer (level 3, 0/23 HPs)
             Began as an Octopode Transmuter on Apr 22, 2020.
             Slain by a leopard gecko (3 damage)
             ... on level 3 of the Dungeon.
             The game lasted 00:03:37 (2146 turns).

MisterFreud the Changer (Octopode Transmuter)       Turns: 2146, Time: 00:03:38

Health: 0/23       AC:  1    Str:  9    XL:     3   Next: 68%
Magic:  2/6        EV: 13    Int: 16    God:
Gold:   61         SH:  0    Dex: 12    Spells: 1/7 levels left

rFire    . . .     SeeInvis .     - Unarmed
rCold    . . .     Gourm    +   (no shield)
rNeg     . . .     Faith    .   (helmet restricted)
rPois    .         Spirit   .   d - amulet of the gourmand
rElec    .         Reflect  .   j - ring of attention (curse)
rCorr    .         Harm     .   (no ring)
MR       .....                  (no ring)
Stlth    +.........             (no ring)
HPRegen  0.07/turn              (no ring)
MPRegen  0.10/turn              (no ring)
                                (no ring)
                                (no ring)

@: very slightly contaminated
A: almost no armour, stealthy swim, amphibious, 8 rings, constrict 8, camouflage
1, gelatinous body 1
a: no special abilities


You were on level 3 of the Dungeon.
You were very full.

You visited 1 branch of the dungeon, and saw 3 of its levels.

You collected 61 gold pieces.

Inventory:

Missiles
 a - 55 arrows
 e - 73 stones (quivered)
Armour
 k - a +0 kite shield
Jewellery
 d - an amulet of the gourmand (around mantle)
 j - a cursed ring of attention (left tentacle)
Scrolls
 b - 2 scrolls of remove curse {unknown}
 g - a scroll of enchant armour {unknown}
 h - 2 scrolls of identify {unknown}
 n - a scroll of amnesia {unknown}
 o - a scroll of immolation {unknown}
Potions
 f - a potion of might
 i - a potion of resistance {unknown}
 l - a potion of mutation {unknown}
 m - a potion of heal wounds {unknown}
Comestibles
 c - 4 rations


   Skills:
 - Level 1.0 Fighting
 - Level 2.0 Dodging
 - Level 3.0 Unarmed Combat
 + Level 2.6 Spellcasting
 * Level 3.4 Transmutations


You had one spell level left.
You knew the following spells:

 Your Spells              Type           Power        Failure   Level  Hunger
a - Beastly Appendage     Tmut           ##....       4%          1    #......
b - Sticks to Snakes      Tmut           ##......     8%          2    ##.....
c - Spider Form           Tmut/Pois      #.........   28%         3    ###....

Your spell library contained the following spells:

 Spells                   Type           Power        Failure   Level  Hunger
 Ice Form                 Ice/Tmut       #.......     67%         4    #####..
 Blade Hands              Tmut           ##........   80%         5    ######.


Dungeon Overview and Level Annotations

Branches:
Dungeon (3/15)

Altars:


Innate Abilities, Weirdness & Mutations

You cannot wear most types of armour.
You are very stealthy in the water. (Stealth+)
You are amphibious.
You can wear up to eight rings at the same time.
You can use your tentacles to constrict eight enemies at once.
Your skin changes colour to match your surroundings (Stealth+).
Your rubbery body absorbs attacks. (AC +1, EV +1)


Message History

The orc yells loudly.
The leopard gecko bites you.
Casting: Spider Form (dangerous; 28% risk of failure)
Confirm with . or Enter, or press ? or * to list all spells.
You don't have enough magic to cast that spell.
Unknown command.
You tentacle-slap the leopard gecko. Your grab misses the leopard gecko.
The leopard gecko is lightly wounded.
The leopard gecko bites you.
* * * LOW HITPOINT WARNING * * *
You tentacle-slap the leopard gecko. Your grab misses the leopard gecko.
The leopard gecko is heavily wounded.
The leopard gecko barely misses you.
You tentacle-slap the leopard gecko. Your grab misses the leopard gecko.
The leopard gecko is heavily wounded.
The leopard gecko closely misses you.
The orc hits you from afar with a +0 trident.
* * * LOW HITPOINT WARNING * * *
The leopard gecko bites you.
You die...

#..?..#.. #..o...l
#...o..## ..####.#.)..#
......o....# ###.......#
# ###o....#####
###.###oo.....#...#
#....@lo#.#.....#.####
....#.###...#...)†.....#
. # #.####...##.##.. #.#
#.^....#### ..# #...#..#
# .## #...#...### #
....#...#.. #.#..##....#
#.#.. #.#.


You could see 4 orcs and a leopard gecko.

Vanquished Creatures
  A dart slug (D:1)
  A leopard gecko (D:1)
  2 orcs (D:3)
  5 bats (D:1)
  2 goblins (D:1)
  6 hobgoblins
  A quokka (D:2)
  9 frilled lizards
  5 kobolds
  2 rats (D:1)
34 creatures vanquished.

Vanquished Creatures (collateral kills)
  An adder (D:2)
1 creature vanquished.

Grand Total: 35 creatures vanquished

Notes
Turn   | Place    | Note
-------+----------+-------------------------------------------
     0 | D:1      | MisterFreud the Octopode Transmuter began the quest for the
                  | Orb.
     0 | D:1      | Reached XP level 1. HP: 13/13 MP: 3/3
   196 | D:1      | Reached XP level 2. HP: 18/18 MP: 5/5
   200 | D:1      | Learned a level 2 spell: Sticks to Snakes
  1058 | D:2      | Noticed an ice beast
  1067 | D:1      | Reached XP level 3. HP: 23/23 MP: 6/6
  1072 | D:1      | Learned a level 3 spell: Spider Form
  1177 | D:2      | HP: 1/23 [poisoned by an adder]
  2146 | D:3      | Slain by a leopard gecko

Levels and vault maps discovered:
D:1:      minmay_arrival_plants_in_alcoves, layout_basic, minmay_octomino_j4
D:2:      layout_loops_ring, grunt_temple_overflow_growth_and_decay,
          elyvilon_altar_3
D:3:      layout_rooms, first_ration, uniq_terence

Skill      XL: |  1  2 |
---------------+-------+-----
Transmutations | 3 |  3.4
Fighting       | |  1.0
Dodging        | |  2.0
Unarmed Combat | |  3.0
Spellcasting   | |  2.6

Action                   || total
-------------------------++-------
Melee: Unarmed           ||    91
       Constrict         ||    21
       Tentacles         ||    11
       Punch             ||     1
 Cast: Spider Form       ||     2
       Sticks to Snakes  ||     1
  Use: Potion            ||     2
 Stab: Sleeping          ||     5
  Eat: Chunk             ||    13
Armor: Skin              ||     6
Dodge: Dodged            ||    66

Table legend:
 A = Non-vault XP
 B = Vault XP
 C = Vault XP percentage of total XP
 D = Non-vault monster count
 E = Vault monster count
 F = Vault count percentage of total count
                 A         B        C        D         E       F
            +---------+---------+-------+---------+---------+-------
      Total |      62 |       5 |   7.5 |      31 |       4 |  11.4
            +---------+---------+-------+---------+---------+-------
        D:1 |      29 |       5 |  14.7 |      19 |       4 |  17.4
        D:2 |      26 |       0 |   0.0 |       9 |       0 |   0.0
        D:3 |       7 |       0 |   0.0 |       3 |       0 |   0.0
            +---------+---------+-------+---------+---------+-------
